 Dungeon Sprint DCSS version 0.20-a0-1088-gd50b1d5 (webtiles) character file.

1047 JiminyCricket the Severer (level 8, -5/79 HPs)
             Began as a Minotaur Berserker on May 3, 2017.
             Was a Priest of Trog.
             Slain by a demonic crawler (10 damage)
             ... in the Dungeon (Sprint I: "Red Sonja").
             The game lasted 00:03:37 (476 turns).

JiminyCricket the Severer (Minotaur Berserker)       Turns: 476, Time: 00:03:38

Health: -5/79      AC:  8    Str: 23    XL:     8   Next: 5%
Magic:  7/7        EV: 11    Int:  4    God:    Trog [***...]
Gold:   270        SH:  0    Dex: 11    Spells: 7/7 levels left

rFire    . . .     SeeInvis .   a - +0 hand axe
rCold    . . .     Gourm    .   (no shield)
rNeg     . . .     Faith    .   k - +0 scale mail (curse)
rPois    .         Spirit   .   (helmet restricted)
rElec    .         Reflect  .   (no cloak)
rCorr    .         Harm     .   (no gloves)
MR       .....     NoTele   +   (no boots)
Stlth    ..........             (no amulet)
Regen    0.3/turn               (no ring)
MPRegen  0.1/turn               (no ring)

@: slowed, very slow
A: retaliatory headbutt, horns 2
a: Berserk, Trog's Hand, Burn Spellbooks, Renounce Religion


You were in the Dungeon.
You worshipped Trog.
Trog was most pleased with you.
You were very hungry.

You visited 1 branch You collected 270 gold pieces.

Inventory:

Hand Weapons
 a - a +0 hand axe (weapon)
Armour
 k - a cursed +0 scale mail (worn)
Scrolls
 i - a scroll of blinking
Potions
 d - a potion of curing
 e - a potion of heal wounds
 f - a potion of haste
 g - 2 potions of magic
 h - a potion of berserk rage
Comestibles
 c - a bread ration


   Skills:
 + Level 9.8 Fighting
 * Level 16.0 Axes
 + Level 9.5 Armour
 - Level 2.1 Dodging


You had 7 spell levels left.
You didn't know any spells.

Dungeon Overview and Level Annotations

Branches:
Dungeon (1/1)

Altars:
Makhleb
Xom
Jiyva
Lugonu


Innate Abilities, Weirdness & Mutations

You reflexively headbutt those who attack you in melee.
You have a pair of horns on your head.


Message History

The demonic crawler hits you.
* * * LOW HITPOINT WARNING * * *
The demonic crawler hits you.
* * * LOW HITPOINT WARNING * * *
You are too injured to fight recklessly!
You're still recovering from your berserk rage.
You slash the demonic crawler!
The demonic crawler is moderately wounded.
You barely miss the demonic crawler.
The demonic crawler hits you but does no damage.
The demonic crawler hits you.
* * * LOW HITPOINT WARNING * * *
The demonic crawler barely misses you. The demonic crawler hits you!
* * * LOW HITPOINT WARNING * * *
The demonic crawler closely misses you.
The demonic crawler hits you but does no damage.
You slash the demonic crawler!
The demonic crawler is heavily wounded.
You hit the demonic crawler. The demonic crawler hits you!
You die...

##################
.#.)'..#__#..')..#
.'..#..'..'..#..s##+#
'#####+#__####..@ss.#
.# #### #####s.+ ##
##


You could see 4 demonic crawlers.

Vanquished Creatures
  2 kobold demonologists (D)
  A slime creature (D)
  Sigmund (D)
  A floating eye (D)
  An ogre (D)
  Ijyb (D)
7 creatures vanquished.

Vanquished Creatures (others)
  A gargoyle (D)
1 creature vanquished.

Grand Total: 8 creatures vanquished

Notes
Turn   | Place    | Note
-------+----------+-------------------------------------------
     0 | D        | JiminyCricket the Minotaur Berserker began the quest for the Orb.
     0 | D        | Reached XP level 1. HP: 19/19 MP: 0/0
     1 | D        | Noticed Ijyb
    14 | D        | Killed Ijyb
    14 | D        | Reached skill level 7 in Axes
    14 | D        | Reached XP level 2. HP: 24/26 MP: 1/1
    34 | D        | Noticed an ogre
    38 | D        | Killed an ogre
    38 | D        | Reached skill level 11 in Axes
    38 | D        | Reached XP level 3. HP: 22/31 MP: 2/2
    38 | D        | Reached XP level 4. HP: 28/39 MP: 3/3
   188 | D        | Killed a gargoyle
   200 | D        | Noticed Sigmund
   205 | D        | Killed Sigmund
   205 | D        | Reached ** piety under Trog
   205 | D        | Reached skill level 12 in Axes
   205 | D        | Reached skill level 5 in Armour
   205 | D        | Reached XP level 5. HP: 50/50 MP: 4/4
   220 | D        | Found a burning altar of Makhleb.
   220 | D        | Found a viscous altar of Jiyva.
   220 | D        | Found a shimmering altar of Xom.
   220 | D        | Found a corrupted altar of Lugonu.
   220 | D        | Noticed a slime creature
   235 | D        | Killed a slime creature
   235 | D        | Reached skill level 14 in Axes
   235 | D        | Reached XP level 6. HP: 20/61 MP: 5/5
   456 | D        | Noticed a kobold demonologist
   457 | D        | Noticed a floating eye
   458 | D        | Killed a floating eye
   458 | D        | Reached XP level 7. HP: 68/68 MP: 6/6
   459 | D        | Noticed a kobold demonologist
   462 | D        | Killed a kobold demonologist
   462 | D        | Reached *** piety under Trog
   462 | D        | Reached skill level 15 in Axes
   465 | D        | Killed a kobold demonologist
   465 | D        | Reached skill level 16 in Axes
   465 | D        | Reached XP level 8. HP: 79/79 MP: 7/7
   469 | D        | Noticed a demonic crawler
   469 | D        | Noticed a demonic crawler
   469 | D        | Noticed a demonic crawler
   469 | D        | Noticed a demonic crawler
   476 | D        | Slain by a demonic crawler

Vault maps used:
D:        dungeon_sprint_1

Skill      XL: |  1  2  3  4  5  6  7 |
---------------+----------------------+-----
Axes           | 7 11 12 14 16 | 16.0
Fighting       | 6 7 8 9 |  9.8
Armour         | 5 7 9 |  9.5
Dodging        | |  2.1

Action                   |  1- 3 |  4- 6 |  7- 9 || total
-------------------------+-------+-------+-------++-------
Melee: Hand axe          |    15 |    19 |    13 ||    47
       Headbutt          |     3 |     6 |     2 ||    11
Invok: Berserk           |     1 |     2 |       ||     3
Armor: Animal skin       |     3 |       |       ||     3
       Scale mail        |       |     2 |     7 ||     9
Dodge: Dodged            |     6 |     8 |     8 ||    22
